[Event "Italian-ch Semifinal 2022"]
[Site "Acqui Terme"]
[Date "2022.06.19"]
[Round "9.6"]
[White "Hercegovac, Neven"]
[Black "Pisacane, Pietro"]
[Result "1/2-1/2"]
[ECO "C04"]
[WhiteElo "2155"]
[BlackElo "2138"]
[Annotator "NA RC"]
[PlyCount "131"]
[EventDate "2022.06.15"]
[EventType "swiss"]
[EventCountry "ITA"]
[SourceTitle "playchess.com"]
[Source "ChessBase"]
[SourceQuality "1"]
[TimeControl "40/5400+30:1800+30"]

1. e4 e6 2. d4 d5 3. Nd2 Nc6 4. Ngf3 Nf6 5. e5 Nd7 6. Be2 f6 7. exf6 Qxf6 8. Nf1 Bd6 9. Ne3 O-O 10. O-O h6 11. c4 dxc4 12. Nxc4 Bf4 13. b3 Nb6 14. Bb2 Rd8 15. g3 Nxc4 16. Bxc4 Bd6 17. Qe2 Qf5 18. Rfe1 Be7 19. Bd3 Qg4 20. a3 Bf6 21. Rad1 Bd7 22. Bc4 Ne7 23. Bxe6+ Bxe6 24. Qxe6+ Qxe6 25. Rxe6 c5 26. Re2 Rd7 27. Rde1 cxd4 28. Nxd4 Bxd4 29. Bxd4 Nc6 30. Bb2 Rf8 31. b4 Nd4 32. Bxd4 Rxd4 33. Re7 Rf7 34. Kg2 Rd2 35. R1e2 Rxe2 36. Rxe2 Rc7 37. Kf3 Kf7 38. h4 Rc3+ 39. Re3 Rc4 40. h5 Rc2 41. g4 Kf6 42. Kg3 b5 43. f3 Rc4 44. Rd3 Ke6 {[%emt 0:02:11] [#]} 45. Rd8 $16 a5 46. bxa5 Ra4 47. Ra8 Rxa3 48. a6 b4 49. a7 Kf7 50. g5 hxg5 51. Kg4 Ra5 52. Rb8 Rxa7 53. Kxg5 Ra3 54. Kg4 Rb3 55. f4 Rb1 56. Kf5 Rh1 57. Rb7+ Kg8 58. Kg6 Rg1+ 59. Kf5 Rh1 60. Rxb4 Rxh5+ 61. Kg6 Rh6+ 62. Kg5 Ra6 63. Rb8+ Kf7 64. Rb7+ Kg8 65. Rb8+ Kf7 66. Rb7+ 1/2-1/2

[Event "Italian-ch Semifinal 2022"]
[Site "Acqui Terme"]
[Date "2022.06.19"]
[Round "9.7"]
[White "Tripodi, Enzo"]
[Black "Cocchi, Andrea"]
[Result "0-1"]
[ECO "B12"]
[WhiteElo "2170"]
[BlackElo "2205"]
[Annotator "TA"]
[PlyCount "87"]
[EventDate "2022.06.15"]
[EventType "swiss"]
[EventCountry "ITA"]
[SourceTitle "playchess.com"]
[Source "ChessBase"]
[SourceQuality "1"]
[TimeControl "40/5400+30:1800+30"]

1. e4 c6 2. d4 d5 3. e5 c5 4. dxc5 e6 5. a3 Nc6 6. Nf3 {[%emt 0:01:14] B12: Caro-Kann: Advance Variation.} Bxc5 7. b4 Be7 8. Bd3 {[%emt 0:05:20] White is slightly better.} f6 9. Bb2 fxe5 {[%emt 0:13:34] aiming for ...Bf6.} 10. Nxe5 {[%emt 0:00:16] Strongly threatening Qh5+.} (10. b5 $5 Nb8 11. Nxe5 $14) 10... Nf6 {[%emt 0:02:49] Inhibits Qh5+.} 11. O-O O-O 12. Nd2 Nxe5 13. Bxe5 {[%emt 0:00:07] [#]} Bd7 $146 ({Predecessor:} 13... a5 14. Rb1 axb4 15. axb4 Bd6 16. Nf3 Qc7 17. Qe2 Bd7 18. c4 Rae8 19. Rbc1 dxc4 20. Bxc4 {½-½ (94) Grischuk,A (2764)-Abdrlauf,E (2343) Chess.com INT 2022}) 14. c4 a5 15. cxd5 (15. Rb1 $5 ) 15... exd5 16. Bxf6 (16. Qb3 $14) 16... Bxf6 $11 17. Qh5 g6 18. Qxd5+ Kh8 19. Ne4 {[%emt 0:24:46] Black keeps a firm grip on the game.} Bxa1 $17 20. Rxa1 Qe7 {[%emt 0:00:10] Against Qe5+} 21. Nc5 (21. Re1 $17 {was called for.}) 21... Qf6 $19 22. Qa2 (22. Rf1 {nothing else works.} Bc6 23. Qb3) 22... Bc6 23. b5 {[%emt 0:04:51] [#]} Bd5 24. Qxd5 (24. Ne4 Qd4) 24... Qxa1+ 25. Bf1 Rad8 26. Qc4 Qe1 27. Ne4 Qa1 $2 (27... Rf4 $19 28. Qc3+ Qxc3 29. Nxc3 Rc8) 28. Ng5 (28. Nc5 $11 Rc8 29. g3) 28... Qf6 29. Qh4 (29. Nf3 $142) 29... h5 {[%emt 0:02:01] White must now prevent ...Rd4.} 30. Qg3 Rd1 {[%emt 0:02:56] ( -> ...Qa1)} 31. Qe3 Qd4 32. Qxd4+ Rxd4 33. Ne6 {[%emt 0:00:02] [#]} Rfd8 34. Nxd8 Rxd8 {[%emt 0:00:04][%mdl 4096] Endgame KR-KB} 35. Be2 Rd2 36. Kf1 Ra2 {[%emt 0:00:23] ...Ra1+ is the strong threat.} 37. Bd3 Kg7 38. b6 Rxa3 39. Be4 Rb3 (39... a4 $142 40. Bxb7 Rb3) 40. Bxb7 a4 {[%emt 0:00:00][%cal Ba5a4,Ba4a3][%mdl 32] Black mates.} 41. Bd5 Rxb6 42. Ke2 a3 43. Kd3 Rd6 44. Kd4 {[%emt 0:34:28] Weighted Error Value: White=1.01/Black=0.30} 0-1

[Event "Italian-ch Semifinal 2022"]
[Site "Acqui Terme"]
[Date "2022.06.19"]
[Round "9.8"]
[White "Caprino, Marco"]
[Black "Martinelli, Valeria"]
[Result "0-1"]
[ECO "A11"]
[WhiteElo "2071"]
[BlackElo "1908"]
[Annotator "NA RC"]
[PlyCount "158"]
[EventDate "2022.06.15"]
[EventType "swiss"]
[EventCountry "ITA"]
[SourceTitle "playchess.com"]
[Source "ChessBase"]
[SourceQuality "1"]
[TimeControl "40/5400+30:1800+30"]

1. g3 d5 2. Bg2 Nf6 3. c4 c6 4. Qc2 g6 5. Nf3 Bg7 6. O-O O-O 7. d3 Nbd7 8. Nbd2 b6 9. e4 dxe4 10. Nxe4 Nxe4 11. dxe4 Bb7 12. Rd1 Qc7 13. Bf4 e5 14. Bg5 Nc5 15. Bh3 Bc8 16. Bg2 Bg4 17. Be3 Ne6 18. c5 Bxf3 19. Bxf3 Rfd8 20. b4 Bf8 21. Qc3 Nd4 22. Bxd4 Rxd4 23. Rac1 bxc5 24. bxc5 Rad8 25. h4 Bh6 26. Rb1 Bd2 27. Qc2 Qa5 28. Rb7 Qc3 29. Qxc3 Bxc3 30. Rc1 Bd2 31. Rc2 R4d7 32. Rb1 Ba5 33. h5 Kg7 34. Bg4 Rc7 35. Rb3 Rd2 36. Rbb2 Rxc2 37. Rxc2 Rb7 38. Be2 Bd8 39. hxg6 hxg6 40. Kg2 Be7 41. f4 f6 42. Kf3 Rd7 43. Ba6 exf4 44. Kxf4 Bd8 45. Rc3 Bc7+ 46. Kf3 Be5 47. Rb3 Kf7 48. Rb1 Ke7 49. Rh1 Rd2 50. Rh7+ Kd8 51. Bc4 Rc2 52. Bb3 Rxc5 53. Rxa7 Rc3+ 54. Ke2 Rxg3 55. Be6 Bc7 56. Ra6 Rc3 57. Bf7 g5 58. Ra8+ Ke7 59. Bb3 Bf4 60. Rg8 Re3+ 61. Kf2 Rxe4 62. Kf3 Re3+ 63. Kg4 Be5 64. Rg7+ $19 Kd6 65. Rb7 c5 66. Kf5 Rf3+ 67. Ke4 g4 68. Rb6+ Kc7 69. Ra6 Rf4+ 70. Kd5 g3 71. Ra7+ Kb6 72. Rg7 c4 73. Bc2 Rd4+ 74. Ke6 Rd2 75. Be4 Rxa2 76. Bd5 Kc5 77. Be4 c3 78. Rg8 Kd4 79. Kf5 Rf2+ 0-1

[Event "Italian-ch Semifinal 2022"]
[Site "Acqui Terme"]
[Date "2022.06.19"]
[Round "9.9"]
[White "Martorelli, Antonio"]
[Black "Bettalli, Francesco"]
[Result "0-1"]
[ECO "B22"]
[WhiteElo "2141"]
[BlackElo "2304"]
[Annotator "TA"]
[PlyCount "60"]
[EventDate "2022.06.15"]
[EventType "swiss"]
[EventCountry "ITA"]
[SourceTitle "playchess.com"]
[Source "ChessBase"]
[SourceQuality "1"]
[TimeControl "40/5400+30:1800+30"]

1. e4 c5 2. Nf3 Nc6 3. c3 Nf6 4. e5 Nd5 5. d4 cxd4 6. Bc4 Nb6 7. Bb3 d5 8. exd6 Qxd6 9. O-O Be6 10. Na3 a6 {[%emt 0:03:56] 10...Bxb3 is setting a new trend.} 11. Ng5 {[%emt 0:32:19] has lost popularity (11.Bxe6). B22: Sicilian: 2 c3.} Bxb3 (11... Bd5 $11) 12. Qxb3 $14 Nd8 {[%emt 0:00:06] [#]} 13. cxd4 $146 {[%emt 0:01:35] Black should prevent Re1. White has an edge.} (13. Rd1 $5 ) ({Predecessor:} 13. Rd1 Qc6 14. Rxd4 e6 15. Nc4 Nxc4 16. Rxc4 Qb5 17. Be3 Nc6 18. Rf4 Qxb3 19. axb3 {0-1 (62) Boricsev,O (2396)-Miladinovic,I (2611) Venice 2004}) 13... e6 14. Re1 Be7 15. Ne4 (15. Bd2 $5 Bxg5 16. Bxg5 $11) 15... Qb4 {[%emt 0:00:08][%cal Rb4e1] [#]} ({Much less strong is} 15... Qxd4 16. Bf4 Nd5 17. Bd6 $11 (17. Nc2 Qb6 $11)) 16. Qd1 Rc8 17. Re3 Nd5 18. Rg3 g6 19. Bh6 f6 20. Rb3 Qa4 21. h3 Rg8 {[%emt 0:02:37] aiming for ...g5.} (21... Nf7 $5 22. Rc1 Rxc1 23. Bxc1 O-O $15) 22. Rc1 Rxc1 23. Bxc1 Nc6 24. Qe1 {[%emt 0:06:12] [#] Strongly threatening Nc5.} Nxd4 25. Rxb7 {[%emt 0:00:52] And now b3 would win.} Qc6 26. Rb8+ Kf7 27. Rxg8 Kxg8 28. Nc3 $2 (28. Bd2 $15) 28... Bxa3 $19 {[%emt 0:02:01] Black is clearly winning.} 29. Nxd5 exd5 ({Worse is} 29... Qxd5 30. bxa3 Kg7 31. Be3 $15) 30. Be3 Nc2 {[%emt 0:01:46] Weighted Error Value: White=0.48/Black=0.11 (very precise)} 0-1

[Event "Italian-ch Semifinal 2022"]
[Site "Acqui Terme"]
[Date "2022.06.19"]
[Round "9.10"]
[White "Miotto, Alberto"]
[Black "Pegno, Mattia"]
[Result "1/2-1/2"]
[ECO "B31"]
[WhiteElo "2039"]
[BlackElo "2065"]
[Annotator "NA RC"]
[PlyCount "116"]
[EventDate "2022.06.15"]
[EventType "swiss"]
[EventCountry "ITA"]
[SourceTitle "playchess.com"]
[Source "ChessBase"]
[SourceQuality "1"]
[TimeControl "40/5400+30:1800+30"]

1. e4 c5 2. Nf3 Nc6 3. Bb5 g6 4. O-O Bg7 5. Re1 Nf6 6. Bxc6 dxc6 7. d3 Bg4 8. Nbd2 Nd7 9. h3 Bxf3 10. Nxf3 e5 11. Be3 b6 12. a3 a5 13. Qd2 a4 14. b4 cxb4 15. Qxb4 Qe7 16. Qc3 Qd6 17. d4 O-O 18. Rad1 Qc7 19. d5 c5 20. Qc4 Rfb8 21. Rb1 Nf6 22. Nd2 Ne8 23. Qd3 Qd7 24. Qb5 Qc7 25. Nc4 Nd6 26. Nxd6 Qxd6 27. Rb2 f5 28. f3 Ra5 29. Qc6 Bf8 30. Reb1 Ra6 31. Kf1 Kf7 32. Rb5 Qxc6 33. dxc6 Bd6 34. Bxc5 Bxc5 35. Rxc5 bxc5 36. Rxb8 Rxc6 37. Rb7+ Kf6 38. exf5 Kxf5 39. Rxh7 Rb6 40. Rc7 Rb1+ 41. Kf2 Ra1 42. Rc6 Ra2 $16 43. g4+ Kf4 44. Rxc5 Rxa3 45. Rc4+ Kg5 46. Kg3 Ra1 47. Rc6 Rg1+ 48. Kf2 Rc1 49. Kg3 Rg1+ 50. Kf2 Rc1 51. Ke3 a3 52. Ra6 Rxc2 53. Rxa3 Rh2 54. Ra6 Rxh3 55. Re6 Rh1 56. Rxe5+ Kf6 57. Kf4 Ra1 58. g5+ Kf7 1/2-1/2